 Dungeon Crawl Stone Soup version 0.30-a0-748-ge6a52f7cba (webtiles) character file.

Game seed: 13054905901264150184

62 mistaj the Chopper (level 3, -5/28 HPs)
             Began as a Demonspawn Gladiator on Feb 8, 2023.
             Killed from afar by an orc (10 damage)
             ... with a puff of flame
             ... on level 3 of the Dungeon.
             The game lasted 00:02:44 (1788 turns).

mistaj the Chopper (Demonspawn Gladiator)           Turns: 1788, Time: 00:02:44

Health: -5/28      AC:  4    Str: 16    XL:     3   Next: 85%
Magic:  3/3        EV: 12    Int:  9    God:
Gold:   65         SH:  0    Dex: 16    Spells: 2/2 levels left

rFire   . . .      SeeInvis .    a - +0 war axe
rCold   . . .      Faith    .    (no shield)
rNeg    . . .      Spirit   .    b - +0 leather armour
rPois   +          Reflect  .    c - +0 helmet
rElec   .          Harm     .    (no cloak)
rCorr   .          Rampage  .    (no gloves)
Will    .....                    (no boots)
Stlth   ++                       (no amulet)
HPRegen 0.24/turn                k - ring of poison resistance
MPRegen 0.08/turn                (no ring)

@: no status effects
A: thin skeletal structure 1
a: no special abilities


You were on level 3 of the Dungeon.
You visited 1 branch of the dungeon, and saw 3 of its levels.

You collected 65 gold pieces.

Inventory:

Hand Weapons
 a - a +0 war axe (weapon)
Missiles
 d - 3 throwing nets (quivered)
 e - a javelin
Armour
 b - a +0 leather armour (worn)
 c - a +0 helmet (worn)
 o - a +0 ring mail
Jewellery
 k - a ring of poison resistance (left hand)
Scrolls
 f - a scroll of poison {unknown}
 i - a scroll of immolation {unknown}
 l - a scroll of teleportation {unknown}
 m - a scroll of noise {unknown}
 n - a scroll of brand weapon {unknown}
Potions
 g - a potion of attraction {unknown}
 h - a potion of haste {unknown}
 j - a potion of curing {unknown}


   Skills:
 + Level 2.9 Fighting
 + Level 3.3 Axes
 + Level 2.6 Throwing
 - Level 2.6 Dodging


You had 2 spell levels left.
You didn't know any spells.
Your spell library contained the following spells:

 Spells                   Type           Power      Damage    Failure   Level
 Ensorcelled Hibernation  Hex/Ice        0%         N/A       58%         2
 Passwall                 Tmut/Erth      0%         N/A       58%         2
 Scorch                   Fire           0%         2d5       58%         2
 Swiftness                Air            0%         N/A       83%         3
 Flame Wave               Conj/Fire      0%         2d4       99%         4
 Summon Cactus Giant      Summ           0%         N/A       100%        6


Dungeon Overview and Level Annotations

Branches:
Dungeon (3/15)

Altars:

Shops:
D:1 [[[[

Annotations:
D:2 Robin


Innate Abilities, Weirdness & Mutations

You have a somewhat thin skeletal structure. (Dex +2, Stealth+)


Message History

HP restored.
You start waiting.
An orc comes into view. It is wielding a +0 whip.
An orc is nearby!
There is a stone staircase leading up here.
The orc shouts!
An orc comes into view.
It is wielding a +0 hand axe and carrying a wand of flame (12).
A rat comes into view.
You hit the orc but do no damage.
An orc comes into view. It is wielding a +0 short sword.
The orc zaps a wand.
The puff of flame hits you.
The orc zaps a wand.
The puff of flame misses you. The orc hits you with a +0 whip.
You barely miss the orc. The orc barely misses you.
You barely miss the orc. The orc barely misses you.
You hit the orc.
The orc is moderately wounded.
The orc hits you with a +0 whip.
The orc zaps a wand.
The puff of flame hits you.
You are too injured to fight recklessly!
You are too injured to fight recklessly!
You are too injured to fight recklessly!
You are too injured to fight recklessly!
You slash the orc!
You kill the orc!
An orc comes into view. It is wielding a +0 club.
The orc zaps a wand.
The puff of flame hits you!
* * * LOW HITPOINT WARNING * * *
The orc zaps a wand.
The puff of flame misses you.
Things that are here:
a +0 dagger; a goblin corpse The rat attacks as you move away!
The rat bites you.
* * * LOW HITPOINT WARNING * * *
Things that are here:
a +0 dagger; a goblin corpse The orc shouts! x2
You hit the orc but do no damage. You hit the rat.
You hear a shout!
The rat bites you but does no damage.
The orc zaps a wand.
The puff of flame hits you!
You die...

#######
#...r.#
.##.###@#
....o.oo#
#####.#)#
...#.#
### #.#
#.# .<#
#.# #.#


You could see 3 orcs and a rat.

Vanquished Creatures
  An adder (D:2)
  A gnoll (D:1)
  A worm (D:2)
  An orc (D:3)
  7 ball pythons
  6 endoplasms
  2 giant cockroaches (D:1)
  6 goblins
  2 hobgoblins
  2 jackals (D:1)
  A kobold (D:1)
  A quokka (D:1)
  A bat (D:1)
  A frilled lizard (D:2)
33 creatures vanquished.

Notes
Turn   | Place    | Note
-------+----------+-------------------------------------------
     0 | D:1      | mistaj the Demonspawn Gladiator began the quest for the
                  | Orb.
     0 | D:1      | Reached XP level 1. HP: 16/16 MP: 1/1
     3 | D:1      | Noticed an electric eel
     4 | D:1      | Noticed an electric eel
   241 | D:1      | You fall into a shaft and drop 1 floor!
   286 | D:1      | Found Ogaofuer's Antique Armour Boutique.
   292 | D:1      | Found Denlas's Armour Shop.
   313 | D:1      | Gained mutation: You have a somewhat thin skeletal
                  | structure. (Dex +2, Stealth+) [demonic ancestry]
   313 | D:1      | Reached XP level 2. HP: 19/22 MP: 2/2
   412 | D:1      | Reached skill level 3 in Axes
   716 | D:1      | Found Zohayrem's Armour Emporium.
   997 | D:1      | Found Wuodinwu's Armour Shop.
  1007 | D:1      | Reached XP level 3. HP: 28/28 MP: 3/3
  1602 | D:2      | Noticed Robin
  1788 | D:3      | Killed from afar by an orc

Illustrated notes

Levels and vault maps discovered:
D:1:      arrival_aquarium_b, layout_loops_ring, serial_shops,
          nicolae_shop_crystal, shop, nicolae_shop_crystal,
          nicolae_shop_waterfront, serial_co_window_serial, co_window_paths_a,
          co_window_paths_a, co_window_paths_a, co_window_corner_a,
          co_window_paths_a, co_window_corner_a, co_window_paths_a,
          co_window_cross_3, co_window_unsneaky_path_b, co_window_cross_3,
          co_window_of_opportunity_b, glass_columns_b, glass_columns_a,
          glass_columns_c
D:2:      layout_basic, nicolae_concentric_dashed_squares_mild, uniq_robin
D:3:      layout_basic, nicolae_elyvilon_temple_path, tso_metal_star,
          minmay_ogre_servants, uniq_terence

Skill      XL: |  1  2 |
---------------+-------+-----
Throwing       | 2 |  2.6
Axes           | 3 |  3.3
Fighting       | |  2.9
Dodging        | |  2.6

Action                     || total
---------------------------++-------
  Melee: War axe           ||    85
   Stab: Sleeping          ||     3
 Armour: Leather armour    ||    25
  Dodge: Dodged            ||    67

Table legend: (Time is in decaauts)
 A = Elapsed time spent in this place.
 B = Non-inter-level travel time spent in this place.
 C = Inter-level travel time spent in this place.
 D = Time resting spent in this place.
 E = Time spent auto-exploring this place.
 F = Levels seen in this place.
 G = Mean time per level.
                   A        B        C        D        E       F      G
               +--------+--------+--------+--------+--------+-----+--------+
         Total |   1817 |   1794 |     23 |    629 |    829 |   3 |  605.7 |
       Dungeon |   1817 |   1794 |     23 |    629 |    829 |   3 |  605.7 |
               +--------+--------+--------+--------+--------+-----+--------+

Top non-repeatable levels by time:
     D:1: 1083 daAuts
     D:2: 562 daAuts
     D:3: 171 daAuts
